 Dungeon Crawl Stone Soup version 0.31-a0-986-g5e6e4ef867 (webtiles) character file.

Game seed: 13775937726360299902

275 LeprechaunX the Changeling (level 6, -1/41 HPs)
             Began as an Octopode Shapeshifter on Nov 22, 2023.
             Slain by a phantom (4 damage)
             ... on level 4 of the Dungeon.
             The game lasted 00:03:09 (2475 turns).

LeprechaunX the Changeling (Octopode Shapeshifter)  Turns: 2475, Time: 00:03:10

Health: -1/41      AC:  1    Str: 13    XL:     6   Next: 25%
Magic:  6/6        EV: 13    Int: 12    God:
Gold:   134        SH:  5    Dex: 14    Spells: 5/5 levels left

rFire   . . .        b - +5 Force Lance {heavy, knockback}
rCold   . . .        (no shield)
rNeg    . . .        (helmet currently unavailable)
rPois   .            i - amulet of reflection
rElec   .            (no ring)
rCorr   .            (no ring)
SInv    .            (no ring)
Will    .....        (no ring)
Stlth   ++           (no ring)
HPRegen 0.26/turn    (no ring)
MPRegen 0.10/turn    (no ring)
                     (no ring)

%: reflection
@: beast-form
A: beast (slay +2), almost no armour, amphibious, 8 rings, camouflage 1,
gelatinous body 1, (nimble swimmer 1), tentacles
a: Begin Untransformation


You were on level 4 of the Dungeon.
You were a hulking beast.
You visited 1 branch of the dungeon, and saw 4 of its levels.

You collected 134 gold pieces.

Inventory:

Hand Weapons
 a - the +8 sling of Risk Management {flame, rF+++ rC- Str-5 Int+3 Stlth+}
   (You found it on level 2 of the Dungeon)

   Str-5:     It affects your strength (-5).
   Int+3:     It affects your intelligence (+3).
   rF+++:     It renders you almost immune to fire.
   rC-:       It makes you vulnerable to cold.
   Stlth+:    It makes you more stealthy.
 b - the +5 Force Lance (weapon) {heavy, knockback}
   (You found it on level 3 of the Dungeon)
Missiles
 m - 4 atropa-tipped darts
Jewellery
 i - an amulet of reflection (around mantle)
Talismans
 c - a flux talisman
 r - a beast talisman
Wands
 p - a wand of paralysis (11)
Scrolls
 e - 3 scrolls of identify {unknown}
 g - a scroll of noise {unknown}
 k - 2 scrolls of teleportation {unknown}
 l - a scroll of revelation {unknown}
 n - a scroll of poison {unknown}
 o - a scroll of torment {unknown}
 q - a scroll of fog {unknown}
Potions
 d - a potion of brilliance {unknown}
 f - a potion of invisibility {unknown}
 h - 2 potions of attraction {unknown}
 j - 4 potions of lignification


   Skills:
 + Level 2.8 Fighting
 - Level 2.0 Dodging
 + Level 4.1 Unarmed Combat
 + Level 2.0 Evocations
 * Level 4.7 Shapeshifting


You had 5 spell levels left.
You didn't know any spells.
Your spell library contained the following spells:

 Spells                   Type           Power      Damage    Failure   Level
 Alistair's Intoxication  Tmut/Pois      0%         N/A       100%        5
 Borgnjor's Vile Clutch   Necr/Erth      0%         N/A       100%        5
 Eringya's Noxious Bog    Tmut/Pois      0%         4d6       100%        6


Dungeon Overview and Level Annotations

Branches:
Dungeon (4/15)
 Temple: D:4-7

Altars:
Vehumet

Annotations:
D:3 1 runed translucent door, Crazy Yiuf


Innate Abilities, Weirdness & Mutations

You are a hulking beast.
Your limbs bulge with bestial killing power. (Slay +2)
You cannot wear most types of armour.
You are amphibious.
You can wear up to eight rings at the same time.
Your skin changes colour to match your surroundings (Stealth+).
Your rubbery body absorbs attacks. (AC +1, EV +1)
((You are camouflaged when in or above water. (Stealth+)))
You have tentacles for arms and can constrict up to eight enemies at once.


Message History

You closely miss the phantom.
The phantom is lightly damaged.
The orc shouts!
You block the phantom's attack.
You closely miss the phantom.
The phantom is lightly damaged.
The phantom hits you!
The phantom blinks!
You blink.
The phantom hits you. The orc hits you with a +0 mace.
You are too injured to fight recklessly!
You are too injured to fight recklessly!
You are too injured to fight recklessly!
Unknown command.
You puncture the orc!
You kill the orc!
You block the phantom's attack. The phantom closely misses you.
Your Evocations skill increases to level 2!
Unknown command.
You puncture the phantom!
The phantom is moderately damaged.
You block the phantom's attack.
You hit the phantom.
Your tentacle-slap misses the phantom.
The phantom is heavily damaged.
The phantom barely misses you. You block the phantom's attack.
You closely miss the phantom.
The phantom is heavily damaged.
The phantom hits you.
The phantom blinks!
You blink.
The phantom hits you!
* * * LOW HITPOINT WARNING * * *
The phantom blinks!
You blink.
You puncture the phantom! Your squeeze misses the phantom.
The phantom is severely damaged.
The phantom hits you!
* * * LOW HITPOINT WARNING * * *
The phantom blinks!
You blink.
You hit the phantom.
The phantom is almost destroyed.
The phantom closely misses you. You block the phantom's attack.
You closely miss the phantom.
The phantom is almost destroyed.
The phantom hits you.
You die...

#### ###...
###...##
####......##
#####.....h....#
...........W....#
...##..........#
#....)........#
######.....####
##...##)<#
#...#†..#
#..#...#'.##
#.....###


You could see a phantom.

Vanquished Creatures
  An ice beast (D:3)
  A hound (D:3)
  An orc priest (D:3)
  Robin (D:3)
  3 adders
  2 dart slugs
  5 orcs
  5 endoplasms
  A giant cockroach (D:2)
  9 goblins
  13 hobgoblins
  4 jackals (D:3)
  4 quokkas
  5 ball pythons
  4 bats
  5 frilled lizards
  6 kobolds
  4 rats
74 creatures vanquished.

Notes
Turn   | Place    | Note
-------+----------+-------------------------------------------
     0 | D:1      | LeprechaunX the Octopode Shapeshifter began the quest for
                  | the Orb.
     0 | D:1      | Reached XP level 1. HP: 13/13 MP: 1/1
   161 | D:1      | Reached XP level 2. HP: 18/18 MP: 2/2
   781 | D:2      | Reached XP level 3. HP: 23/23 MP: 3/3
   784 | D:2      | Identified the +8 sling of Risk Management {flame, rF+++
                  | rC- Str-5 Int+3 Stlth+}
   915 | D:2      | Found a radiant altar of Vehumet.
   916 | D:2      | Identified the +1 dagger of Tuatt {flame, *Rage Will+ Str+2
                  | Int+3}
  1123 | D:2      | Reached XP level 4. HP: 24/29 MP: 4/4
  1836 | D:3      | Reached XP level 5. HP: 30/34 MP: 5/5
  1921 | D:3      | Found the +5 Force Lance {heavy, knockback}
  1936 | D:3      | Reached skill level 1 in Evocations
  1986 | D:3      | Noticed Robin
  1992 | D:3      | Killed Robin
  2071 | D:3      | Found a runed translucent door.
  2072 | D:3      | Noticed Crazy Yiuf
  2088 | D:3      | Noticed an ice beast
  2094 | D:3      | Killed an ice beast
  2095 | D:3      | Reached XP level 6. HP: 29/41 MP: 6/6
  2144 | D:3      | Found a faded altar of an unknown god.
  2473 | D:4      | HP: 2/41 [phantom (7)]
  2475 | D:4      | Slain by a phantom

Illustrated notes

Levels and vault maps discovered:
D:1:      dpeg_arrival_oval, layout_loops_ring
D:2:      layout_loops_ring, basic_altar, serial_rivers,
          chequers_serial_rivers_large_b, chequers_serial_rivers_small_3,
          chequers_serial_rivers_room_b, chequers_serial_rivers_micro_c,
          chequers_serial_rivers_small_3
D:3:      layout_loops_ring, basic_ecumenical_altar, reono_crystal_passage,
          uniq_crazy_yiuf_cottage, uniq_robin
D:4:      layout_rooms, ebering_ghost_sewer_d, grunt_ministairs_6

Skill      XL: |  1  2  3  4  5  6 |
---------------+-------------------+-----
Fighting       | 2 |  2.8
Shapeshifting  | 4 |  4.7
Evocations     | 1 2 |  2.0
Unarmed Combat | 4 |  4.1
Dodging        | |  2.0

Action                     |  1- 3 |  4- 6 || total
---------------------------+-------+-------++-------
  Melee: Unarmed           |    65 |    38 ||   103
         Constrict         |    22 |    15 ||    37
         Tentacles         |    14 |    14 ||    28
         Punch             |       |     3 ||     3
         Lance             |       |    38 ||    38
   Fire: Sling             |       |    10 ||    10
   Stab: Sleeping          |     7 |     4 ||    11
         Distracted        |     1 |       ||     1
 Armour: Skin              |    13 |    21 ||    34
  Dodge: Dodged            |    37 |    33 ||    70
  Block: Other             |     7 |    20 ||    27

Table legend: (Time is in decaauts)
 A = Elapsed time spent in this place.
 B = Non-inter-level travel time spent in this place.
 C = Inter-level travel time spent in this place.
 D = Time resting spent in this place.
 E = Time spent auto-exploring this place.
 F = Levels seen in this place.
 G = Mean time per level.
                   A        B        C        D        E       F      G
               +--------+--------+--------+--------+--------+-----+--------+
         Total |   2494 |   2335 |    159 |      0 |   1892 |   4 |  623.5 |
       Dungeon |   2494 |   2335 |    159 |      0 |   1892 |   4 |  623.5 |
               +--------+--------+--------+--------+--------+-----+--------+

Top non-repeatable levels by time:
     D:3: 949 daAuts
     D:2: 838 daAuts
     D:1: 682 daAuts
     D:4: 25 daAuts
